 Dungeon Crawl Stone Soup version 0.20.0-15-g7f486f2 (webtiles) character file.

24749 renl the Severer (level 13, -3/122 HPs)
             Began as a Hill Orc Berserker on June 23, 2017.
             Was an Elder of Trog.
             Slain by a skeletal warrior
             ... wielding a +0 long sword
             ... led by a skeletal warrior
              (20 damage)
             ... on level 13 of the Dungeon on June 24, 2017.
             The game lasted 01:24:00 (9484 turns).

renl the Severer (Hill Orc Berserker)               Turns: 9484, Time: 01:24:01

Health: -3/122     AC: 22    Str: 28    XL:     13   Next: 15%
Magic:  13/13      EV:  6    Int:  7    God:    Trog [****..]
Gold:   848        SH: 10    Dex: 10    Spells: 12/12 levels left

rFire    + . .     SeeInvis .   i - -3 war axe (curse)
rCold    . . .     Gourm    .   g - +0 shield
rNeg     + . .     Faith    .   E - +3 plate armour {rF+}
rPois    .         Spirit   .   f - +0 helmet
rElec    .         Reflect  .   p - +0 cloak
rCorr    .         Harm     .   (no gloves)
MR       ++...                  H - +1 pair of boots
Stlth    ..........             (no amulet)
Regen    1.3/turn               v - +3 ring of strength
MPRegen  0.2/turn               U - ring of positive energy

@: berserk cooldown, regenerating, slowed, very slow
A: no striking features
a: Berserk, Trog's Hand, Brothers in Arms, Burn Spellbooks, Renounce Religion


You were on level 13 of the Dungeon.
You worshipped Trog.
Trog was greatly pleased with you.
You were not hungry.

You visited 2 branches of the dungeon, and saw 14 of its levels.

You collected 848 gold pieces.

Inventory:

Hand Weapons
 i - a cursed -3 war axe (weapon)
 F - a +0 falchion of holy wrath
 I - a +2 battleaxe
 Y - a +2 battleaxe of freezing
Missiles
 Q - 4 javelins
 S - 7 poisoned javelins (quivered)
 Z - 6 silver javelins
Armour
 f - a +0 helmet (worn)
 g - a +0 shield (worn)
 p - a +0 cloak (worn)
 x - a +0 plate armour of cold resistance
 E - a +3 plate armour of fire resistance (worn)
 H - a +1 pair of boots (worn)
Jewellery
 a - an uncursed ring of ice
 h - an uncursed ring of protection from fire
 v - a +3 ring of strength (left hand)
 O - an uncursed ring of teleportation
 U - a ring of positive energy (right hand)
Wands
 k - a wand of flame (22/48)
 C - a wand of paralysis (11/24)
 D - a wand of flame (36/48)
 M - a wand of iceblast (4/15)
Scrolls
 d - 12 scrolls of identify
 e - a scroll of magic mapping
 o - 2 scrolls of immolation {unknown}
 q - 3 scrolls of teleportation
 y - 2 scrolls of recharging {unknown}
 J - 2 scrolls of vulnerability {unknown}
 N - a scroll of enchant armour {unknown}
 T - a scroll of random uselessness {unknown}
 V - a scroll of fear {unknown}
 X - a scroll of fog {unknown}
Potions
 b - 3 potions of haste
 l - 2 potions of flight {unknown}
 m - 2 potions of brilliance {unknown}
 r - a potion of agility {unknown}
 t - 2 potions of might {unknown}
 u - a potion of invisibility
 w - 3 potions of berserk rage {unknown}
 z - 4 potions of magic
 A - 2 potions of lignification {unknown}
 B - 3 potions of curing
 G - a potion of resistance {unknown}
 K - a potion of cancellation {unknown}
 L - 2 potions of heal wounds {unknown}
 R - a potion of mutation {unknown}
Comestibles
 c - 9 bread rations
 j - 5 royal jellies
 n - 9 meat rations
 s - 13 fruits


   Skills:
 * Level 13.4 Fighting
 * Level 19.2 Axes
 + Level 10.0 Armour
 - Level 1.5 Dodging
 - Level 4.9 Shields


You had 12 spell levels left.
You didn't know any spells.

Dungeon Overview and Level Annotations

Branches:
Dungeon (13/15)            Temple (1/1) D:6            Lair (0/6) D:8
    Orc (0/2) D:12
 Vaults: D:13-14

Altars:
Ashenzari
Cheibriados
Dithmenos
Elyvilon
Fedhas
Gozag
Hepliaklqana
Kikubaaqudgha
Makhleb
Nemelex Xobeh
Okawaru
Qazlal
Ru
Sif Muna
Trog
Uskayaw
Vehumet
Xom
Yredelemnul
Zin
The Shining One

Shops:
D:4 }[=(*   D:6 *

Annotations:
D:4 winterking's ghost, amateur OpTm
D:11 Gastronok


Message History

The skeletal warrior is moderately damaged.
The skeletal warrior hits you but does no damage.
You hit the skeletal warrior but do no damage.
The skeletal warrior is moderately damaged.
The skeletal warrior hits you with a long sword!
You closely miss the skeletal warrior.
The skeletal warrior is moderately damaged.
The skeletal warrior hits you with a long sword!
* * * LOW HITPOINT WARNING * * *
You completely miss the skeletal warrior.
The skeletal warrior is moderately damaged.
The skeletal warrior hits you with a long sword!
* * * LOW HITPOINT WARNING * * *
You eat one of the 10 meat rations.
That meat ration really hit the spot!
You block the skeletal warrior's attack.
Your skin crawls.
You feel resistant to hostile enchantments.
You feel somewhat more hungry.
The skeletal warrior hits you with a long sword!!
You die...

#.# #.# #.# #.#
###########.#############..
..........................(
#z....###...##......#####..#
#..... ##.####.z..........#
#.....##..# #..@...#######
#....)#..## #......#
+....)'.## #..<...#
#....)### #......# ######
##..#### ###...## #....<.#
##### #......#
....##########......#


You could see a skeletal warrior.

Vanquished Creatures
  The ghost of sscrono2 the Covert, a journeyman OpAs of Gozag (D:12)
  Fannar (D:11)
  A hydra (D:12)
  6 two-headed ogres
  A death knight (D:12)
  3 skeletal warriors (D:13)
  2 unseen horrors
  The ghost of maximusg the Cleaver, a novice MiBe of Trog (D:5)
  A deep elf mage (D:12)
  2 manticores
  2 cyclopes
  A centaur zombie (D:13)
  2 centaur skeletons (D:8)
  4 gargoyles
  3 trolls
  A meliai (shapeshifter) (D:13)
  A hornet (D:8)
  Grinder (D:3)
  2 hippogriffs (D:7)
  A shadow (D:11)
  A wraith (D:12)
  11 yaks (D:10)
  A hungry ghost (D:7)
  2 vampire mosquitoes (D:12)
  Grum (D:11)
  Edmund (D:6)
  A soldier ant (D:12)
  2 water moccasins
  Duvessa (D:6)
  3 porcupines (D:8)
  7 orc warriors
  2 ice beasts (D:12)
  2 sky beasts
  A swamp drake (D:12)
  5 black bears
  An eye of draining (D:11)
  4 phantoms
  4 ogres
  3 centaurs
  3 wolves (D:11)
  The ghost of sscrono2 the Cudgeler, an amateur OpCK of Xom (D:3)
  2 big kobolds
  4 bullfrogs
  2 wyvern zombies
  2 scorpions
  Dowan (D:6)
  5 wights (D:8)
  3 howler monkeys
  5 crimson imps
  3 quasits
  4 hounds
  A bullfrog zombie (D:12)
  15 orc wizards
  11 orc priests
  Crazy Yiuf (D:2)
  3 jellies
  3 bullfrog skeletons
  Jessica (D:3)
  4 iguanas
  Natasha (thrice) (D:2)
  7 worker ants
  A killer bee zombie (D:9)
  3 hound zombies
  A hound skeleton (D:6)
  9 adders
  7 gnolls
  A howler monkey skeleton (D:9)
  4 shadow imps
  2 oozes
  An adder skeleton (D:9)
  3 worms
  7 dart slugs
  7 leopard geckos
  49 orcs
  6 giant cockroaches
  6 hobgoblins
  21 jackals
  15 kobolds
  4 quokkas
  5 bats
  14 frilled lizards
  6 goblins
  2 rats
  3 fungi (D:8)
  A plant (D:8)
352 creatures vanquished.

Vanquished Creatures (collateral kills)
  A hydra (D:11)
1 creature vanquished.

Vanquished Creatures (others)
  An orc wizard (D:12)
  16 fungi (D:8)
  A plant (D:8)
18 creatures vanquished.

Grand Total: 371 creatures vanquished

Notes
Turn   | Place    | Note
-------+----------+-------------------------------------------
     0 | D:1      | renl the Hill Orc Berserker began the quest for the Orb.
     0 | D:1      | Reached XP level 1. HP: 19/19 MP: 1/1
   135 | D:1      | Reached XP level 2. HP: 27/27 MP: 2/2
   353 | D:1      | Reached skill level 5 in Axes
   369 | D:1      | Reached XP level 3. HP: 11/33 MP: 3/3
   814 | D:2      | Noticed Natasha
   818 | D:2      | Reached ** piety under Trog
   822 | D:2      | Killed Natasha
   822 | D:2      | Reached XP level 4. HP: 40/40 MP: 4/4
   867 | D:2      | Noticed Natasha
   875 | D:2      | Killed Natasha
   875 | D:2      | Reached skill level 6 in Axes
   875 | D:2      | Noticed Natasha
   884 | D:2      | Killed Natasha
   884 | D:2      | Reached XP level 5. HP: 7/47 MP: 5/5
  1484 | D:2      | Found a runed door.
  1490 | D:2      | Noticed Crazy Yiuf
  1497 | D:2      | Killed Crazy Yiuf
  1497 | D:2      | Reached skill level 7 in Axes
  1875 | D:3      | Reached XP level 6. HP: 24/55 MP: 6/6
  2038 | D:3      | Noticed Jessica
  2044 | D:3      | Killed Jessica
  2048 | D:3      | Reached *** piety under Trog
  2070 | D:3      | Noticed Grinder
  2072 | D:3      | Noticed sscrono2's ghost (amateur OpCK)
  2073 | D:3      | Paralysed by Grinder for 6 turns
  2085 | D:3      | Reached skill level 5 in Fighting
  2091 | D:3      | Killed sscrono2's ghost
  2091 | D:3      | Reached skill level 8 in Axes
  2107 | D:3      | Paralysed by something for 2 turns
  2129 | D:3      | Killed Grinder
  2129 | D:3      | Reached XP level 7. HP: 52/61 MP: 7/7
  2196 | D:3      | Found a faded altar of an unknown god.
  2274 | D:4      | Found Jacsouna's Jewellery Boutique.
  2290 | D:4      | Found Ingismurph's Gadget Shop.
  2392 | D:4      | Found a bloodstained altar of Trog.
  2460 | D:4      | Found an opulent altar of Gozag.
  2570 | D:4      | Reached skill level 5 in Armour
  2584 | D:4      | Found Ranwiuco's Armour Boutique.
  2620 | D:4      | Noticed winterking's ghost (amateur OpTm)
  2679 | D:4      | Found Widy's Weapon Emporium.
  2725 | D:4      | Found Gakhlo's Assorted Antiques.
  2792 | D:4      | Reached skill level 9 in Axes
  2971 | D:5      | Entered Level 5 of the Dungeon
  2987 | D:5      | Noticed maximusg's ghost (novice MiBe)
  3079 | D:5      | Reached skill level 1 in Shields
  3079 | D:5      | Reached XP level 8. HP: 67/70 MP: 8/8
  3483 | D:5      | Killed maximusg's ghost
  3483 | D:5      | Reached skill level 10 in Axes
  3614 | D:6      | Found a staircase to the Ecumenical Temple.
  3645 | D:6      | Reached XP level 9. HP: 56/79 MP: 9/9
  3696 | D:6      | Reached skill level 11 in Axes
  3723 | Temple   | Entered the Ecumenical Temple
  3909 | D:6      | Found Elu Ojua's General Store.
  4008 | D:6      | Noticed Edmund
  4033 | D:6      | Killed Edmund
  4135 | D:6      | Noticed Duvessa
  4136 | D:6      | Noticed Dowan
  4151 | D:6      | Killed Dowan
  4155 | D:6      | Killed Duvessa
  4250 | D:6      | Found a deep blue altar of Sif Muna.
  4499 | D:7      | Reached skill level 12 in Axes
  4912 | D:7      | Reached XP level 10. HP: 86/90 MP: 10/10
  5079 | D:8      | Reached skill level 13 in Axes
  5126 | D:8      | Found a hazy altar of Hepliaklqana.
  5127 | D:8      | Found a white marble altar of Elyvilon.
  5170 | D:8      | Found a shattered altar of Ashenzari.
  5246 | D:8      | Found a staircase to the Lair.
  5266 | D:8      | Reached **** piety under Trog
  5392 | D:8      | Reached skill level 14 in Axes
  5499 | D:8      | Noticed a two-headed ogre
  5511 | D:8      | Killed a two-headed ogre
  5678 | D:8      | Noticed a two-headed ogre
  5687 | D:8      | Killed a two-headed ogre
  5687 | D:8      | Reached skill level 10 in Fighting
  5687 | D:8      | Reached skill level 15 in Axes
  5687 | D:8      | Reached XP level 11. HP: 93/99 MP: 11/11
  6015 | D:9      | Noticed a two-headed ogre
  6030 | D:9      | Killed a two-headed ogre
  6051 | D:9      | Reached ***** piety under Trog
  6520 | D:10     | Entered Level 10 of the Dungeon
  6520 | D:10     | Noticed a two-headed ogre
  6524 | D:10     | Killed a two-headed ogre
  6524 | D:10     | Reached skill level 16 in Axes
  6606 | D:10     | Killed an unseen horror
  7084 | D:10     | Got a slimy plate armour
  7095 | D:10     | Identified the cursed +0 plate armour "Daodoergh" {-Cast rElec rPois Str-4} (You found it on level 10 of the Dungeon)
  7100 | D:10     | Noticed a two-headed ogre
  7111 | D:10     | Noticed a two-headed ogre
  7123 | D:10     | Killed a two-headed ogre
  7123 | D:10     | Reached skill level 17 in Axes
  7162 | D:10     | Killed a two-headed ogre
  7253 | D:11     | Noticed Grum
  7255 | D:11     | Noticed Gastronok
  7329 | D:11     | Noticed a cyclops
  7333 | D:11     | Received a gift from Trog
  7342 | D:11     | Killed a cyclops
  7342 | D:11     | Reached XP level 12. HP: 26/110 MP: 0/12
  7389 | D:11     | Killed Grum
  7806 | D:11     | Reached skill level 18 in Axes
  7847 | D:11     | Noticed Fannar
  7861 | D:11     | Killed Fannar
  7861 | D:11     | Received a gift from Trog
  7886 | D:11     | Found a frozen archway.
  7906 | D:11     | Got an encrusted cloak
  7917 | D:11     | Identified the cursed -4 cloak "Lefaj" {MR- Str+4 Dex+3} (You found it on level 11 of the Dungeon)
  8182 | D:12     | Noticed a death knight
  8224 | D:12     | Noticed a five-headed hydra
  8304 | D:11     | Killed an eight-headed hydra
  8376 | D:12     | Noticed sscrono2's ghost (journeyman OpAs)
  8389 | D:12     | Killed sscrono2's ghost
  8538 | D:12     | Killed a death knight
  8661 | D:12     | Noticed a six-headed hydra
  8682 | D:12     | Killed a seven-headed hydra
  8705 | D:12     | Reached skill level 19 in Axes
  9089 | D:12     | Found a staircase to the Orcish Mines.
  9120 | D:12     | Reached XP level 13. HP: 79/119 MP: 13/13
  9468 | D:13     | Reached skill level 10 in Armour
  9484 | D:13     | Slain by a skeletal warrior

Skill      XL: |  1  2  3  4  5  6  7  8  9 10 11 12 13 |
---------------+----------------------------------------+-----
Axes           | 5 6 7 8 9 10 12 15 17 19 | 19.2
Fighting       | 4 5 7 8 10 11 12 13 | 13.4
Armour         | 3 4 5 6 7 8 9 10 | 10.0
Shields        | 1 2 4 |  4.9
Dodging        | |  1.5

Action                   |  1- 3 |  4- 6 |  7- 9 | 10-12 | 13-15 || total
-------------------------+-------+-------+-------+-------+-------++-------
Melee: Hand axe          |    93 |   179 |   406 |   174 |       ||   852
       Battleaxe         |       |       |       |   345 |       ||   345
       War axe           |       |       |       |   161 |    49 ||   210
Invok: Berserk           |     1 |     6 |     7 |    13 |     2 ||    29
       Trog's Hand       |       |     7 |     9 |    16 |     3 ||    35
       Burn Spellbooks   |       |       |     1 |     2 |       ||     3
       Brothers in Arms  |       |       |       |     1 |       ||     1
  Use: Scroll            |       |       |       |     5 |       ||     5
       Potion            |       |       |       |       |     2 ||     2
 Stab: Sleeping          |     1 |       |       |       |       ||     1
       Confused          |       |       |       |       |     1 ||     1
  Eat: Chunk             |       |    11 |    24 |    32 |     4 ||    71
       Meat ration       |       |       |       |       |     1 ||     1
Armor: Animal skin       |    10 |       |       |       |       ||    10
       Ring mail         |    13 |    55 |       |       |       ||    68
       Scale mail        |       |    21 |    46 |       |       ||    67
       Plate armour      |       |       |   107 |   477 |    62 ||   646
Dodge: Dodged            |    59 |   114 |    62 |   264 |    17 ||   516
Block: Shield            |       |       |   146 |   159 |    13 ||   318
